Map: Blackrock LE

Players

샤이닐

  • Race: Terran Terran
  • League: Grandmaster

즐겜유저슛 - Winner!

  • Race: Zerg Zerg
  • League: Grandmaster

VOD

Have the link to the VOD?

Description

Time

  • Played on: Oct. 1, 2026, 8:22 a.m.
  • Length: 13:51
Show
View Real Time Build Order
Export as new Build Order

샤이닐 Terran 

Build Orders: Reaper Expand, Hellion Banshee 

Get SALT Encoding   

  12  0:00  SCV  
  13  0:12  SCV  
  14  0:17  Supply Depot  
  14  0:24  SCV  
  15  0:39  SCV  
  15  0:40  Barracks  
  16  0:43  Refinery  
  16  0:51  SCV  
  17  1:03  SCV  
  18  1:15  SCV  
  19  1:28  Reaper  
  19  1:30  Orbital Command  
  20  1:38  Command Center  
  20  1:50  Supply Depot  
  20  1:55  SCV  
  21  2:02  Marine  
  21  2:08  SCV  
  23  2:14  Factory  
  23  2:20  SCV  
  24  2:23  Barracks Reactor  
  24  2:32  SCV  
  24  2:36  Command Center  
  25  2:44  SCV  
  25  2:49  Orbital Command  
  26  2:56  SCV  
  27  3:03  Starport, Refinery  
  27  3:08  SCV  
  28  3:16  Hellion x2  
  28  3:19  Barracks Tech Lab  
  32  3:20  SCV  
  32  3:21  SCV  
  34  3:32  SCV  
  34  3:33  SCV  
  36  3:37  Hellion x2  
  40  3:44  SCV  
  40  3:47  SCV  
  42  3:49  Banshee, Marine  
  42  3:51  Orbital Command  
  42  3:54  Cloaking Field  
  46  3:56  SCV  
  46  4:01  SCV  
  48  4:03  Supply Depot  
  48  4:05  Hellion  
  48  4:08  Hellion  
  48  4:09  Barracks Tech Lab  
  52  4:13  SCV  
  53  4:17  SCV  
  54  4:25  SCV x2  
  54  4:30  Supply Depot, Marine  
  57  4:32  Banshee  
  57  4:34  SCV  
  57  4:36  Stimpack  
  61  4:43  Barracks  
  61  4:45  SCV  
  62  4:46  Factory Reactor  
  62  4:49  Barracks  
  62  4:51  SCV  
  63  4:53  Supply Depot, Engineering Bay  
  63  4:55  SCV, Engineering Bay  
  63  4:57  SCV  
  63  4:58  Marine  
  66  5:03  SCV, Refinery  
  66  5:05  Refinery  
  67  5:07  SCV  
  67  5:09  SCV  
  69  5:15  SCV  
  69  5:16  Supply Depot, Marine  
  69  5:19  Orbital Command  
  71  5:21  SCV  
  71  5:27  SCV  
  73  5:30  Terran Infantry Weapons Level 1, Terran Infantry Armor Level 1  
  73  5:31  Starport Reactor  
  73  5:33  SCV  
  73  5:34  Marine  
  75  5:36  Marine  
  75  5:38  Supply Depot  
  75  5:39  SCV  
  75  5:41  Barracks  
  75  5:42  Siege Tank  
  80  5:43  Marine  
  80  5:44  Barracks, Marine x2  
  80  5:46  SCV  
  80  5:49  SCV  
  85  5:51  SCV  
  86  5:58  SCV, Marine x2  
  86  6:01  SCV  
  86  6:03  SCV  
  91  6:06  Supply Depot  
  91  6:07  Supply Depot  
  91  6:08  Supply Depot, Marine x2  
  91  6:09  Marine  
  91  6:10  SCV  
  95  6:13  SCV  
  95  6:14  Siege Tank  
  95  6:15  Medivac, Combat Shield  
  101  6:27  Marine x3  
  101  6:28  Marine x2, SCV x3  
  107  6:37  Barracks Reactor x2  
  107  6:40  SCV x3  
  107  6:43  Supply Depot  
  107  6:45  Marine x2  
  107  6:46  Supply Depot, Siege Tank  
  115  6:47  Marine, Armory  
  115  6:51  Refinery  
  115  6:52  SCV x3  
  115  6:53  Marine x2, Factory  
  121  7:03  Marine  
  121  7:04  SCV  
  121  7:05  Marine  
  121  7:07  Marine, Command Center  
  125  7:09  Medivac  
  125  7:10  Marine x2  
  125  7:12  Medivac  
  125  7:14  Marine  
  132  7:15  Marine x2  
  132  7:16  Marine  
  132  7:21  Marine  
  136  7:24  Refinery, Marine  
  136  7:26  Marine  
  136  7:28  Sensor Tower, Marine x2  
  140  7:32  Marine  
  140  7:34  Concussive Shells  
  140  7:35  Supply Depot, Terran Infantry Weapons Level 2  
  140  7:36  Terran Infantry Armor Level 2  
  141  7:38  Marine x3  
  141  7:39  Marine  
  141  7:43  Marine  
  146  7:45  Factory Tech Lab  
  146  7:46  Siege Tank  
  146  7:49  Marine  
  146  7:50  Marine  
  148  7:53  Marine  
  148  7:57  Marine x3, Medivac  
  154  8:01  Barracks  
  154  8:03  Barracks x2  
  154  8:05  Supply Depot x2, Marine  
  153  8:07  Siege Tank  
  153  8:11  Marine x3  
  151  8:15  Marauder  
  151  8:17  Medivac  
  155  8:21  Marine  
  155  8:24  Siege Tank  
  155  8:26  Marine x4  
  163  8:29  Marine x2  
  163  8:30  Sensor Tower  
  163  8:31  Terran Vehicle Weapons Level 1  
  163  8:34  Marine  
  166  8:36  Marine  
  166  8:39  Marine  
  166  8:40  Siege Tank  
  169  8:47  SCV x2  
  169  8:48  SCV  
  172  8:54  Marine  
  172  8:55  Marine x2  
  157  8:56  Medivac  
  157  8:59  Marine x2, SCV  
  157  9:00  SCV x2, Siege Tank, Marine  
  146  9:06  Marine  
  146  9:09  Marine x2  
  129  9:11  SCV  
  129  9:12  Siege Tank  
  129  9:16  Marauder  
  125  9:17  Barracks Tech Lab  
  125  9:19  Barracks Tech Lab  
  125  9:22  SCV  
  126  9:30  Planetary Fortress  
  126  9:31  SCV x2  
  126  9:32  Siege Tank  
  126  9:34  SCV  
  126  9:36  Marine, Marauder  
  126  9:37  Marine, Marauder x2  
  126  9:38  Barracks Tech Lab  
  140  9:39  Marine  
  140  9:40  Marine  
  140  9:43  SCV x2, Marine  
  145  9:46  Marine, SCV  
  149  9:54  Refinery, Marine  
  149  9:55  Refinery, SCV  
  149  9:58  Marauder, Sensor Tower, Marine  
  149  9:59  Marauder x3  
  160  10:00  Marine  
  160  10:02  Liberator  
  160  10:04  Marine  
  163  10:09  Supply Depot  
  163  10:10  Supply Depot  
  163  10:13  Marine  
  164  10:19  Marauder  
  164  10:20  Marauder x3  
  172  10:22  Marine  
  172  10:23  Command Center  
  173  10:37  Medivac, Missile Turret  
  173  10:40  Marauder  
  173  10:42  Missile Turret, Terran Infantry Weapons Level 3, Terran Infantry Armor Level 3, Terran Vehicle Weapons Level 2  
  177  10:43  Ghost Academy  
  177  10:44  Siege Tank  
  177  10:46  Marine  
  177  10:47  Marauder, Marine  
  177  10:48  Marauder x2  
  177  10:49  Marine  
  186  10:57  Marine  
  186  10:58  Command Center  
  186  11:01  Siege Tank  
  190  11:09  Marauder  
  192  11:16  Siege Tank, Command Center  
  195  11:22  Marine  
  195  11:23  Marauder  
  195  11:25  Marine  
  159  11:26  Marauder, Marine  
  159  11:27  Marauder  
  159  11:31  Marauder  
  159  11:32  Marine  
  148  11:33  Siege Tank, Marine  
  148  11:34  Marine  
  148  11:39  Marine  
  135  11:40  Marine  
  135  11:41  Marine  
  135  11:44  Marauder  
  135  11:46  Marine  
  129  11:47  Marauder  
  129  11:48  Siege Tank, Marauder  
  129  11:52  Marauder  
  129  11:53  Command Center  
  137  11:57  Marine  
  137  11:59  SCV x3  
  141  12:02  Marine  
  141  12:05  Siege Tank, Marauder  
  141  12:08  Fusion Core, Marine  
  147  12:09  Marauder  
  147  12:10  Marauder  
  147  12:14  Marauder  
  154  12:18  Marine  
  154  12:20  Siege Tank, Liberator  
  161  12:24  Liberator  
  161  12:26  Marine  
  161  12:27  Marauder  
  161  12:28  Marine  
  168  12:30  Marauder  
  168  12:31  Marauder  
  168  12:34  Marine  
  168  12:35  Marauder  
  165  12:37  Marine  
  165  12:38  Marine  
  165  12:39  Marine  
  165  12:41  Marine  
  163  12:48  Marine, Marauder  
  163  12:49  Marine  
  163  12:50  Marine  
  161  12:52  Marine  
  161  12:54  Marine  
  161  12:57  Marine  
  161  12:58  Marine  
  152  13:01  Marine  
  152  13:02  Marauder  
  152  13:03  Liberator  
  152  13:04  Marine  
  147  13:11  Marine, Marauder  
  150  13:17  Marine  
  150  13:18  Marauder  
  153  13:32  Marine x2  
Show
View Real Time Build Order
Export as new Build Order

즐겜유저슛 Zerg - Winner!

Build Orders: Hatch First 

Get SALT Encoding   

  12  0:00  Drone  
  13  0:12  Overlord  
  13  0:16  Drone  
  14  0:30  Drone x2  
  16  0:46  Hatchery  
  16  0:49  Drone  
  16  0:54  Drone  
  16  0:56  Drone  
  18  1:07  Extractor  
  18  1:10  Spawning Pool  
  16  1:14  Drone  
  16  1:17  Drone  
  18  1:27  Drone  
  19  1:38  Drone  
  20  1:58  Queen x2  
  20  1:59  Zergling x4  
  20  2:00  Zergling x2  
  27  2:09  Overlord  
  27  2:10  Drone  
  28  2:22  Metabolic Boost  
  28  2:27  Drone x2  
  30  2:32  Drone x2  
  32  2:39  Hatchery  
  31  2:47  Queen  
  33  2:52  Overlord  
  33  2:57  Drone x2  
  35  2:59  Drone  
  36  3:11  Drone  
  36  3:12  Drone x4  
  41  3:16  Drone  
  42  3:21  Overlord  
  42  3:33  Drone x2  
  44  3:39  Overlord, Queen x2  
  48  3:42  Drone x2  
  48  3:44  Zergling x2  
  48  3:46  Zergling x2  
  52  3:51  Drone x2  
  54  3:58  Drone x3  
  54  3:59  Drone  
  54  4:01  Drone x2  
  60  4:09  Queen  
  60  4:10  Overlord  
  60  4:11  Drone x2  
  64  4:19  Overlord  
  64  4:21  Drone  
  64  4:28  Queen x2  
  64  4:30  Drone x3  
  71  4:33  Roach Warren  
  70  4:40  Drone x3  
  70  4:43  Drone x2  
  75  4:45  Extractor  
  75  4:46  Lair  
  75  4:47  Extractor, Drone  
  75  4:52  Drone x3  
  77  4:54  Spore Crawler  
  77  4:55  Spore Crawler  
  77  4:57  Spore Crawler, Drone  
  75  5:00  Drone x2  
  75  5:01  Drone  
  75  5:05  Zergling x4  
  80  5:08  Drone  
  80  5:09  Overlord  
  80  5:11  Overlord  
  81  5:21  Overlord  
  81  5:23  Evolution Chamber x2, Overlord, Hatchery  
  81  5:24  Extractor  
  81  5:25  Drone  
  81  5:26  Drone  
  81  5:27  Drone  
  81  5:28  Drone  
  81  5:29  Drone  
  81  5:30  Drone  
  81  5:33  Drone  
  84  5:37  Drone x3  
  84  5:38  Drone x2  
  84  5:42  Overlord, Extractor  
  88  5:44  Extractor, Glial Reconstitution  
  88  5:48  Overseer  
  87  5:51  Roach x3  
  87  5:54  Zerg Missile Weapons Level 1  
  93  5:58  Overlord  
  93  5:59  Zerg Ground Armor Level 1  
  93  6:05  Drone x2  
  93  6:07  Roach  
  93  6:08  Roach x2  
  93  6:09  Infestation Pit  
  93  6:11  Drone x3  
  101  6:18  Drone x5  
  108  6:26  Spore Crawler  
  108  6:31  Roach x5  
  116  6:40  Drone x4  
  116  6:42  Roach x2  
  124  6:51  Hive  
  124  6:52  Baneling Nest  
  124  6:53  Roach x4, Ravager x2  
  124  6:54  Ravager, Overlord  
  133  6:57  Ravager  
  133  7:00  Drone  
  135  7:02  Overlord x2  
  135  7:07  Overlord  
  135  7:09  Overlord  
  135  7:13  Overlord  
  135  7:15  Ravager  
  136  7:16  Roach x3, Overlord  
  136  7:20  Hatchery  
  136  7:21  Evolution Chamber  
  140  7:23  Zergling x2  
  140  7:27  Pneumatized Carapace  
  141  7:32  Roach x2  
  141  7:33  Zergling x16  
  153  7:42  Centrifugal Hooks  
  153  7:45  Zergling x26  
  153  7:51  Zerg Missile Weapons Level 2  
  166  7:53  Zerg Melee Weapons Level 1  
  166  7:56  Zerg Ground Armor Level 2  
  166  7:59  Drone x4  
  166  8:00  Zergling x4  
  172  8:08  Adrenal Glands  
  172  8:09  Zergling x18  
  172  8:10  Zergling x2  
  181  8:17  Ultralisk Cavern  
  180  8:25  Zergling x6  
  183  8:27  Baneling x9  
  183  8:29  Baneling, Overlord  
  183  8:32  Overlord  
  183  8:36  Overlord  
  183  8:40  Overlord  
  181  8:41  Overlord  
  181  8:43  Baneling  
  181  8:44  Baneling x9  
  181  8:46  Overlord  
  181  8:49  Zergling x2  
  181  8:50  Zergling x4  
  181  8:52  Zergling x2  
  181  8:54  Zergling x18  
  170  8:59  Zergling x2  
  170  9:01  Drone  
  170  9:02  Drone x3  
  145  9:16  Drone x3  
  145  9:17  Drone x5  
  148  9:20  Extractor  
  148  9:21  Chitinous Plating  
  147  9:27  Hatchery  
  147  9:30  Ultralisk  
  147  9:31  Ultralisk  
  158  9:35  Zergling x22  
  169  9:48  Zergling x16  
  169  9:50  Zergling x2  
  176  9:57  Zerg Melee Weapons Level 2  
  176  10:00  Spire  
  176  10:01  Zergling x16  
  176  10:02  Zergling x4  
  185  10:19  Ultralisk x2  
  185  10:21  Baneling x10  
  197  10:22  Zergling x2  
  197  10:25  Zergling x4  
  197  10:27  Spore Crawler  
  199  10:30  Zergling x2  
  199  10:34  Zerg Ground Armor Level 3  
  200  10:40  Anabolic Synthesis  
  199  10:52  Zergling x2  
  199  10:55  Hatchery, Zergling x2  
  200  10:58  Baneling  
  200  10:59  Baneling x18  
  200  11:10  Zerg Flyer Weapons Level 1  
  198  11:19  Zergling x2  
  198  11:23  Zergling x8  
  198  11:24  Zergling x8, Ultralisk  
  180  11:27  Zergling x30  
  180  11:28  Zergling x8  
  180  11:31  Zergling x6  
  185  11:37  Hydralisk Den  
  169  11:44  Zergling x20  
  169  11:45  Ultralisk  
  161  11:48  Zergling x4  
  161  11:49  Zergling x4  
  156  12:08  Ultralisk  
  156  12:09  Ultralisk  
  156  12:10  Drone x8  
  156  12:11  Zergling x2  
  156  12:12  Zergling x8  
  156  12:14  Extractor  
  180  12:15  Zergling x2  
  180  12:16  Zergling x6  
  180  12:18  Grooved Spines  
  180  12:19  Zergling x6  
  187  12:28  Zergling x10  
  187  12:29  Zergling x2  
  192  12:32  Zergling x2  
  192  12:35  Zergling x2  
  192  12:36  Zergling x4  
  189  12:39  Zergling x2  
  189  12:40  Zergling x12  
  180  12:54  Zergling x4  
  180  12:55  Zergling x14  
  176  13:04  Zergling x14  
  175  13:08  Viper  
  175  13:09  Viper  
  178  13:18  Hydralisk x9  
  196  13:21  Hydralisk x2  
  200  13:29  Zergling x2  
Tags
 
Add a new tag
Caveats
  • Supply blocks, unpowered buildings, or Contaminate may cause inaccurate times.
  • Supply counts are checked every 10 seconds.